 Dungeon Crawl Stone Soup version 0.29-a0-841-g116ddc6ace (webtiles) character file.

Game seed: 15925554932361364180

1582 mathmaestro the Grave Robber (level 8, 8/62 HPs)
             Began as a Demonspawn Necromancer on July 15, 2022.
             Quit the game on level 5 of the Dungeon.
             The game lasted 00:16:42 (5573 turns).

mathmaestro the Grave Robber (DsNe)                 Turns: 5573, Time: 00:16:42

Health: 8/62       AC:  8    Str:  9    XL:     8   Next: 60%
Magic:  8/16       EV: 12    Int: 25    God:
Gold:   219        SH:  4    Dex: 14    Spells: 4/17 levels left

rFire   + . .      SeeInvis +   f - +4 short sword
rCold   . . .      Faith    .   (no shield)
rNeg    + . .      Spirit   .   a - +1 robe
rPois   .          Reflect  .   g - +1 helmet
rElec   .          Harm     .   v - +0 cloak
rCorr   .          Rampage  .   s - +1 pair of gloves of Complete Protection {Drain rF+ rN+ Int+7}
Will    .....                   (no boots)
Stlth   ++........              (no amulet)
HPRegen 0.20/turn               d - ring of see invisible
MPRegen 0.15/turn               (no ring)

@: no status effects
A: hooves 2, large bone plates 1, powered by pain 1
a: no special abilities


You were on level 5 of the Dungeon.
You visited 1 branch of the dungeon, and saw 5 of its levels.

You collected 219 gold pieces.

Inventory:

Hand Weapons
 f - a +4 short sword (weapon)
Missiles
 w - 3 boomerangs
Armour
 a - a +1 robe (worn)
 g - a +1 helmet (worn)
 p - a scarf of invisibility
 s - the +1 pair of gloves of Complete Protection (worn) {Drain rF+ rN+ Int+7}
   (You found it on level 4 of the Dungeon)

   Int:       It affects your intelligence (+7).
   rF:        It protects you from fire.
   rN:        It protects you from negative energy.
   Drain:     It drains your maximum health when unequipped.
 v - a +0 cloak (worn)
Magical Staves
 c - a staff of fire
 i - a staff of earth
Jewellery
 d - a ring of see invisible (left hand)
Wands
 l - a wand of roots (5)
Scrolls
 o - 2 scrolls of poison
 q - a scroll of teleportation
 u - a scroll of fog
Potions
 b - a potion of magic
 e - a potion of curing
 h - 2 potions of flight
 j - a potion of resistance
 k - 2 potions of heal wounds
 m - 3 potions of lignification
 n - a potion of haste {unknown}
 r - a potion of brilliance {unknown}
 t - 3 potions of attraction {unknown}
 x - a potion of might {unknown}


   Skills:
 + Level 5.3 Fighting
 + Level 2.8 Armour
 + Level 2.8 Dodging
 + Level 2.9 Stealth
 + Level 5.3 Spellcasting
 + Level 7.4 Necromancy
 + Level 1.9 Evocations


You had 4 spell levels left.
You knew the following spells:

 Your Spells              Type           Power      Damage    Failure   Level
a - Necrotise             Necr           100%       1d9       1%          1
b - Vampiric Draining     Necr           43%        2d9       1%          3
c - Animate Dead          Necr           43%        N/A       3%          4
d - Agony                 Necr           43%        N/A       11%         5

Your spell library contained the following spells:

 Spells                   Type           Power      Damage    Failure   Level
 Apportation              Tloc           12%        N/A       8%          1
 Summon Small Mammal      Summ           24%        N/A       8%          1


Dungeon Overview and Level Annotations

Branches:
Dungeon (5/15)
 Temple: D:4-7

Altars:
Dithmenos
Qazlal
Xom
Yredelemnul

Annotations:
D:4 Menkaure


Innate Abilities, Weirdness & Mutations

You have hoof-like feet.
You are partially covered in large bone plates. (SH +4)
You sometimes gain a little power by taking damage.


Message History

Aim: a two-headed ogre, wielding two +0 giant clubs (heavily wounded, ally target)
You draw life force from the two-headed ogre!
You feel life coursing into your body.
Your jackal skeleton bites the two-headed ogre but does no damage.
The two-headed ogre barely misses you. The two-headed ogre closely misses you.
Casting: Vampiric Draining (safe; 1% risk of failure)
Confirm with . or Enter, or press ? or * to list all spells.
Aiming: Vampiric Draining (safe; 1% risk of failure)
Press: ? - help, Shift-Dir - straight line, f/p - two-headed ogre
Aim: a two-headed ogre, wielding two +0 giant clubs (severely wounded, ally target)
You draw life force from the two-headed ogre.
You feel life coursing into your body.
Your jackal skeleton bites the two-headed ogre but does no damage.
Casting: Vampiric Draining (safe; 1% risk of failure)
Confirm with . or Enter, or press ? or * to list all spells.
Aiming: Vampiric Draining (safe; 1% risk of failure)
Press: ? - help, Shift-Dir - straight line, f/p - two-headed ogre
Aim: a two-headed ogre, wielding two +0 giant clubs (almost dead, ally target)
You draw life force from the two-headed ogre!
You feel life coursing into your body. The two-headed ogre closely misses you.
The two-headed ogre hits you with a +0 giant club!!
* * * LOW HITPOINT WARNING * * *
You focus on the pain.
You feel your power returning.
Your jackal skeleton bites the two-headed ogre but does no damage.
Casting: Vampiric Draining (safe; 1% risk of failure)
Confirm with . or Enter, or press ? or * to list all spells.
Aiming: Vampiric Draining (safe; 1% risk of failure)
Press: ? - help, Shift-Dir - straight line, f/p - two-headed ogre
Aim: a two-headed ogre, wielding two +0 giant clubs (almost dead, ally target)
You draw life force from the two-headed ogre!
You kill the two-headed ogre!
You feel life coursing into your body.
Your Fighting skill increases to level 5!
Your Spellcasting skill increases to level 5!
Your Evocations skill increases to level 1!
You swap places.
Things that are here:
a +0 giant club; a +0 giant club
Okay, then.
Are you sure you want to abandon this character and quit the game? (Confirm with "yes".)

### ...##..#####
#...#.#..<.###
.#............#####
.#.....#...#.รท##..#
.......##..##..Z..##
#.##.#.##...#..#@..###
.....#..#......##....#
####......#...###....#
.##......###.###.....#
.###....## #.####.#..##
.#.#....# #..###.#...##
........#####..........#
........##)......##....#
###......#.<.#..##....##


You could see a friendly jackal skeleton.

Vanquished Creatures
  A two-headed ogre (D:5)
  Pikel (D:4)
  A phantom (D:4)
  A scorpion (D:5)
  A jelly (D:4)
  Crazy Yiuf (D:4)
  An orc priest (D:3)
  2 hounds
  Ijyb (D:3)
  2 iguanas
  Robin (D:3)
  6 gnolls
  5 adders
  2 worms (D:5)
  2 dart slugs
  4 orcs
  3 bats
  4 endoplasms
  3 giant cockroaches
  14 goblins
  8 hobgoblins
  7 jackals
  7 kobolds
  7 ball pythons
  3 frilled lizards
  2 rats
90 creatures vanquished.

Vanquished Creatures (collateral kills)
  A dart slug (D:2)
  An endoplasm (D:2)
  A ball python (D:2)
3 creatures vanquished.

Vanquished Creatures (others)
  6 plants (D:5)
6 creatures vanquished.

Grand Total: 99 creatures vanquished

Notes
Turn   | Place    | Note
-------+----------+-------------------------------------------
     0 | D:1      | mathmaestro the Demonspawn Necromancer began the quest for
                  | the Orb.
     0 | D:1      | Reached XP level 1. HP: 13/13 MP: 3/3
   492 | D:1      | Gained mutation: You are partially covered in large bone
                  | plates. (SH +4) [demonic ancestry]
   492 | D:1      | Reached XP level 2. HP: 20/20 MP: 3/5
   813 | D:1      | Found a faded altar of an unknown god.
  1282 | D:2      | Reached skill level 1 in Fighting
  1363 | D:2      | Reached XP level 3. HP: 24/26 MP: 6/6
  1391 | D:2      | Identified the ring "Yfev" {*Slow rElec rC+ Will++ AC+4}
  1425 | D:2      | Reached skill level 1 in Armour
  1804 | D:2      | Identified the +3 sling "Puampuif" {venom, rCorr Stlth+}
  2033 | D:1      | Learned a level 3 spell: Vampiric Draining
  2194 | D:2      | Gained mutation: You have large cloven feet. [demonic
                  | ancestry]
  2194 | D:2      | Reached XP level 4. HP: 32/32 MP: 2/7
  2199 | D:2      | Learned a level 4 spell: Animate Dead
  2580 | D:3      | Noticed Ijyb
  2589 | D:3      | Killed Ijyb
  2590 | D:3      | Reached skill level 5 in Necromancy
  2687 | D:3      | Noticed Robin
  2942 | D:3      | Reached XP level 5. HP: 38/38 MP: 5/9
  2978 | D:3      | Identified a scroll of acquirement
  2978 | D:3      | Acquired a ring of see invisible
  3003 | D:3      | Killed Robin
  3124 | D:3      | Found a basalt altar of Yredelemnul.
  3885 | D:4      | Found a stormy altar of Qazlal.
  3953 | D:4      | Identified the +1 pair of gloves of Complete Protection
                  | {Drain rF+ rN+ Int+7}
  4206 | D:4      | Noticed Menkaure
  4327 | D:4      | Noticed Pikel
  4327 | D:4      | Noticed a lemure
  4327 | D:4      | Noticed a lemure
  4328 | D:4      | Noticed a lemure
  4329 | D:4      | Noticed a lemure
  4338 | D:4      | Killed Pikel
  4339 | D:4      | Reached skill level 6 in Necromancy
  4339 | D:4      | Gained mutation: You sometimes gain a little power by
                  | taking damage. [demonic ancestry]
  4339 | D:4      | Reached XP level 6. HP: 48/48 MP: 1/12
  4339 | D:4      | Gained mutation: You have hoof-like feet. [demonic
                  | ancestry]
  4339 | D:4      | Reached XP level 7. HP: 54/54 MP: 1/13
  4456 | D:4      | Found a shimmering altar of Xom.
  4781 | D:4      | Found a runed translucent door.
  4782 | D:4      | Noticed Crazy Yiuf
  4789 | D:4      | Killed Crazy Yiuf
  4846 | D:4      | Found a shadowy altar of Dithmenos.
  5134 | D:5      | Entered Level 5 of the Dungeon
  5358 | D:4      | Reached skill level 7 in Necromancy
  5371 | D:4      | Learned a level 5 spell: Agony
  5453 | D:5      | Noticed a two-headed ogre
  5478 | D:4      | Reached XP level 8. HP: 59/61 MP: 8/15
  5571 | D:5      | Killed a two-headed ogre
  5572 | D:5      | Reached skill level 5 in Fighting
  5572 | D:5      | Reached skill level 5 in Spellcasting
  5572 | D:5      | Reached skill level 1 in Evocations
  5573 | D:5      | Quit the game

Illustrated notes

Levels and vault maps discovered:
D:1:      matt_arrival_spirals, layout_basic, serial_aquarium,
          aquarium_bridge_long_joined [aquarium_subvault_balcony,
          aquarium_subvault_wall, aquarium_subvault_bridge,
          aquarium_subvault_bridge, aquarium_subvault_bridge,
          aquarium_subvault_wall], aquarium_bridge_square
          [aquarium_subvault_bridge, aquarium_subvault_bridge,
          aquarium_subvault_bridge, aquarium_subvault_bridge],
          aquarium_window_fake, aquarium_window_1, aquarium_window_3,
          aquarium_view_2b, aquarium_pool_four,
          hellmonk_ecumenical_altar_prayer_group
D:2:      layout_basic, basic_altar
D:3:      layout_loops_ring, yredelemnul_altar_generic, roderic_roman_lattice,
          nicolae_elevator_lobby_asterisk, uniq_robin, uniq_ijyb
D:4:      layout_basic, lemuel_round_altar, mainiacjoe_overflow_six_doors_small,
          grunt_dithmenos_smoke, uniq_crazy_yiuf_cottage, uniq_menkaure,
          uniq_pikel
D:5:      layout_cave_pools, nzn_overflow_gifts_of_might_and_magic,
          serial_bayou, serial_bayou_pond_d, serial_bayou_pond_c,
          serial_bayou_lagoon_a, serial_bayou_pond_a

Skill      XL: |  1  2  3  4  5  6  7  8 |
---------------+-------------------------+-----
Stealth        | 2 |  2.9
Dodging        | 2 |  2.8
Fighting       | 1 2 4 5 |  5.3
Armour         | 1 2 |  2.8
Necromancy     | 5 6 7 |  7.4
Spellcasting   | 4 5 |  5.3
Evocations     | 1 |  1.9

Action                   |  1- 3 |  4- 6 |  7- 9 || total
-------------------------+-------+-------+-------++-------
Melee: Spear             |    31 |     7 |       ||    38
       Punch             |     1 |       |       ||     1
       Kick              |       |     4 |     9 ||    13
       Short sword       |       |    10 |    39 ||    49
 Cast: Necrotise         |    51 |    54 |    45 ||   150
       Vampiric Draining |       |     7 |     8 ||    15
Evoke: Wand              |       |     1 |       ||     1
  Use: Scroll            |     8 |     6 |     5 ||    19
       Potion            |       |     2 |       ||     2
 Stab: Sleeping          |     1 |     1 |     1 ||     3
Armor: Robe              |     6 |    22 |    47 ||    75
Dodge: Dodged            |    41 |    41 |    54 ||   136
Block: Other             |     5 |    16 |    18 ||    39

Table legend: (Time is in decaauts)
 A = Elapsed time spent in this place.
 B = Non-inter-level travel time spent in this place.
 C = Inter-level travel time spent in this place.
 D = Time resting spent in this place.
 E = Time spent auto-exploring this place.
 F = Levels seen in this place.
 G = Mean time per level.
                   A        B        C        D        E       F      G
               +--------+--------+--------+--------+--------+-----+--------+
         Total |   5591 |   5368 |    223 |   1040 |   3234 |   5 | 1118.2 |
       Dungeon |   5591 |   5368 |    223 |   1040 |   3234 |   5 | 1118.2 |
               +--------+--------+--------+--------+--------+-----+--------+

Top non-repeatable levels by time:
     D:4: 1407 daAuts
     D:2: 1351 daAuts
     D:1: 1323 daAuts
     D:3: 1199 daAuts
     D:5: 309 daAuts
